[Event "Live Chess"]
[Site "Chess.com"]
[Date "2023.05.20"]
[Round "-"]
[White "bristolunichess"]
[Black "YF22Raptor"]
[Result "1-0"]
[WhiteElo "1833"]
[BlackElo "1017"]
[TimeControl "300"]
[EndTime "11:22:58 PDT"]
[Termination "bristolunichess won by checkmate"]

1. e4 c6 2. d4 d5 3. e5 Bf5 4. Nf3 e6 5. Be2 c5 6. c3 Qb6 7.
a3 Bg4 8. O-O Bxf3 9. Bxf3 Nc6 10. Qa4 cxd4 11. b4 a6 12. Rd1 dxc3 13. Nxc3 Ne7 14. Be3 Qc7 15. Rac1 g6 16. Bd4 Bg7 17. Nb5 Qb8 18. Nd6+ Kd7 19. Nxf7 Rf8 20. Ng5 b5 21. Qb3 Nxd4 22. Rxd4 Nc6 23. Rxd5+ exd5 24. Qxd5+ Ke7 25. Qe6+ Kd8 26. Rxc6 Bxe5 27. Qd5+ Ke7 28. Re6# 1-0

[Event "Live Chess"]
[Site "Chess.com"]
[Date "2023.05.20"]
[Round "-"]
[White "Ayursworld"]
[Black "Richardallis"]
[Result "0-1"]
[WhiteElo "1316"]
[BlackElo "1683"]
[TimeControl "300"]
[EndTime "11:22:58 PDT"]
[Termination "Richardallis won by checkmate"]

1. e4 d5 2. exd5 Nf6 3. Nc3 Nxd5 4. Nxd5 Qxd5 5. Nf3 Bf5 6. d4 Qe4+ 7. Be2 Qxc2 8. Qxc2 Bxc2 9. Bd2 c6 10. O-O e6 11. Rfc1 Be4 12. a3 Bd6 13. Bb4 Bxb4 14. axb4 a6 15. Re1 Nd7 16. Bd1 Bd5 17. Ne5 Nxe5 18. dxe5 O-O 19.
Be2 Rad8 20. Rad1 Bb3 21. Rxd8 Rxd8 22. h3 Rd2 23. Bf3 g6 24. Rb1 Ba2 25. Rc1 Rxb2 26.
Rd1 Rb1 27. Rxb1 Bxb1 28. Kh2 Kf8 29. g4 Ke7 30. h4 h6 31. g5 hxg5 32. hxg5 Kd7 33.
Kg2 Kc7 34. Bd1 b6 35. f4 c5 36. bxc5 bxc5 37. Kf2 Bd3 38. Ke3 Bf5 39. Bb3 a5 40. Kd2 Kc6 41. Kc3 Kb5 42. Bc4+ Ka4 43. Bb3+ Ka3 44. Kc4 Bd3+ 45. Kxd3 Kxb3 46. Kd2 Kb2 47. Kd3 a4 48. Kc4 a3 49. Kxc5 a2 50. Kd6 a1=Q 51. Ke7 Qa7+ 52. Kf6 Qd7 53. Kg7 Kc3 54. Kf6 Kd4 55. Kg7 Ke4 56. Kf6 Kxf4 57. Kg7 Kxg5 58. Kf8 Kf5 59. Kg7 g5 60. Kf8 g4 61. Kg7 g3 62.
Kf8 g2 63. Kg7 g1=Q+ 64. Kf8 Qd8+ 65. Kxf7 Qg6# 0-1

[Event "Live Chess"]
[Site "Chess.com"]
[Date "2023.05.20"]
[Round "-"]
[White "whitedjohn"]
[Black "gmnorfolk"]
[Result "0-1"]
[WhiteElo "1675"]
[BlackElo "2117"]
[TimeControl "300"]
[EndTime "11:23:04 PDT"]
[Termination "gmnorfolk won by checkmate"]

1. e4 e5 2. Nf3 Nc6 3. Bb5 a6 4. Ba4 Nf6 5. O-O Be7 6. Re1 b5 7. Bb3 O-O 8. c3 d5 9. exd5 Nxd5 10.
Nxe5 Nxe5 11. Rxe5 c6 12. d4 Bd6 13. Re1 Qh4 14.
g3 Qh3 15. Re4 g5 16. Qf3 Bf5 17. Re1 Rae8 18. Rxe8 Rxe8 19. Qg2 Re1+ 20. Qf1 Rxf1# 0-1

[Event "Live Chess"]
[Site "Chess.com"]
[Date "2023.05.20"]
[Round "-"]
[White "Supertromp"]
[Black "diana21strabt"]
[Result "1-0"]
[WhiteElo "2182"]
[BlackElo "1707"]
[TimeControl "300"]
[EndTime "11:23:22 PDT"]
[Termination "Supertromp won by checkmate"]

1. e4 d5 2. exd5 Qxd5 3. Nf3 Nf6 4. d4 Bg4 5. Be2 Nc6 6. h3 Bh5 7. c4 Qe4 8. Nc3 Qg6 9. g4 Nxg4 10. hxg4 Bxg4 11. Be3 O-O-O 12. d5 e6 13. Qa4 exd5 14.
cxd5 Bxf3 15. Bxf3 Ne5 16. Be2 a6 17. O-O-O Bd6 18. f4 Ng4 19. f5 Nxe3 20. fxg6 Nxd1 21. Rxd1 hxg6 22. Bxa6 bxa6 23. Qxa6+ Kd7 24. Re1 Rde8 25. Qc6+ Kd8 26. Rxe8+ Rxe8 27. a4 Re1+ 28. Kc2 Ra1 29. Ne4 Ke7 30. Nxd6 cxd6 31. Qc7+ Kf6 32. Qxd6+ Kf5 33.
Qd7+ Kf6 34. d6 g5 35. Qe7+ Kg6 36. d7 Rxa4 37. d8=Q Rc4+ 38. Kd3 Rf4 39. Qe4+ Rxe4 40. Kxe4 f5+ 41. Ke5 g4 42. Kf4 Kh6 43. Kxf5 g3 44.
Qh4# 1-0

[Event "Live Chess"]
[Site "Chess.com"]
[Date "2023.05.20"]
[Round "-"]
[White "Rusty_Bridges"]
[Black "LiamClery2020"]
[Result "0-1"]
[WhiteElo "1363"]
[BlackElo "2088"]
[TimeControl "300"]
[EndTime "11:23:22 PDT"]
[Termination "LiamClery2020 won by checkmate"]

1. e4 Nf6 2. e5 Nd5 3. d4 d6 4. exd6 cxd6 5. Nf3 g6 6. Bd3 Bg7 7. c3 Nc6 8. h4 Bg4 9. Nbd2 Nf4 10. Bf1 e5 11. d5 Nxd5 12. Ne4 Be6 13. Nfg5 Qe7 14. Bb5 O-O 15. h5 f5 16. Nxe6 Qxe6 17. hxg6 fxe4 18. gxh7+ Kh8 19. Bc4 Nce7 20. Qh5 Qf6 21.
Rf1 Nf4 22. Qh2 Nd3+ 23. Bxd3 exd3 24. Bd2 e4 25. O-O-O Rac8 26. Be3 Rxc3+ 27. Kb1 Rc1+ 28. Rxc1 Qxb2# 0-1

[Event "Live Chess"]
[Site "Chess.com"]
[Date "2023.05.20"]
[Round "-"]
[White "LanceMaster23"]
[Black "AbilifyXL"]
[Result "0-1"]
[WhiteElo "1842"]
[BlackElo "1957"]
[TimeControl "300"]
[EndTime "11:23:24 PDT"]
[Termination "AbilifyXL won on time"]

1. Nf3 d5 2. d4 c6 3. Bf4 Nf6 4. e3 Bf5 5. Be2 e6 6. c3 Bd6 7. Bg3 Qc7 8. Qb3 b6 9. Nbd2 Nbd7 10. a4 O-O 11. O-O Rac8 12. Rfe1 Bxg3 13. hxg3 c5 14. a5 h6 15. axb6 axb6 16. Nf1 c4 17. Qd1 b5 18. N3d2 Rb8 19. Bf3 b4 20. e4 dxe4 21.
Nxe4 Nxe4 22. Bxe4 Bxe4 23. Rxe4 Nf6 24. Re5 Nd5 25. Ne3 Rfd8 26. Rc1 bxc3 27. bxc3 Rb3 28. Nxd5 Rxd5 29. Qe2 Rxe5 30. dxe5 Qc5 31. Qe4 Rb2 32. Qa8+ Kh7 33. Qe4+ g6 34. Qf4 Qa7 35. Re1 Ra2 36. Re3 Qc7 37. Re4 Ra4 38. Qf6 Ra3 39. Rd4 Ra8 40. Rh4 Rc8 41. Qg5 h5 42. g4 Qd8 43.
Qxd8 Rxd8 44. gxh5 gxh5 45. Rxh5+ Kg6 46. Rh4 Kf5 47.
Rxc4 Kxe5 48. f3 Rd2 49. Re4+ Kd5 50. Kh2 f5 51. Ra4 Rc2 52. Ra5+ Kd6 53. Ra3 f4 54.
Kh3 e5 55. Ra6+ Kd5 56. Ra5+ Ke6 57. Rc5 Kf5 58. g4+ fxg3 59. Kxg3 Kf6 60. Rc6+ Kf5 61.
c4 Rc3 62. Rc5 Kf6 63. Kg4 Ke6 64. Rc6+ Kd7 65. Rc5 Kd6 66. Rd5+ Ke6 67. Rc5 Rc1 68. Kg3 Rc2 69. f4 exf4+ 70. Kxf4 Rd2 71. Ke4 Rd1 72. Re5+ Kf6 73. Rd5 Rc1 74. Kd4 Ke6 75.
Kc5 Ra1 76. Kb5 Rb1+ 77. Kc6 Rc1 78. Rd6+ Ke7 79. c5 Rc2 80. Rd7+ Ke6 81. Rd3 Rc4 82.
Re3+ Kf7 83. Kd6 Rd4+ 84. Kc7 Rc4 85. c6 Rc5 86. Kd7 Rd5+ 87. Kc8 Rc5 88. c7 Rc2 89. Rd3 Ke7 90. Rd7+ Ke6 91. Kd8 Rc1 92. c8=Q Rxc8+ 0-1

[Event "Live Chess"]
[Site "Chess.com"]
[Date "2023.05.20"]
[Round "-"]
[White "EdenHazard8"]
[Black "mightysmasher"]
[Result "0-1"]
[WhiteElo "2091"]
[BlackElo "2132"]
[TimeControl "300"]
[EndTime "11:23:27 PDT"]
[Termination "mightysmasher won by resignation"]

1. e4 e6 2. d4 d5 3. Nd2 dxe4 4. Nxe4 Nd7 5. Nf3 Ngf6 6. Nxf6+ Nxf6 7. Bd3 c5 8. c3 cxd4 9. cxd4 Bd6 10. Ne5 Bd7 11.
Nxd7 Qxd7 12. O-O O-O-O 13. Bg5 Kb8 14. Rc1 h6 15. Be3 e5 16. h3 exd4 17. Bxd4 Bh2+ 18. Kxh2 Qxd4 19. Rc3 Nd5 20. Rb3 Nf4 21. Qf3 Rd7 22. Bf5 Rc7 23. Rc1 Qd6 24. Rxc7 Qxc7 25. g3 Ne6 26.
Bxe6 fxe6 27. Qe4 Rf8 28. f4 Rd8 29. Qg2 Rd5 30. Re3 Qb6 31. Re2 Qd6 32. Qe4 Rd2 33. Kg2 Rxe2+ 34. Qxe2 a6 35. Qe5 Qxe5 36. fxe5 Kc7 37.
Kf3 Kc6 38. Kg4 g6 39. Kf4 Kd5 40. a4 a5 41. h4 Kd4 42. h5 g5+ 43. Kf3 Kxe5 44.
Ke3 Kd5 45. Kd3 e5 46. g4 e4+ 47. Ke3 Ke5 48. b3 Kd5 49. Kd2 Kd4 50. Ke2 e3 0-1

[Event "Live Chess"]
[Site "Chess.com"]
[Date "2023.05.20"]
[Round "-"]
[White "LL220284LL"]
[Black "noobsmoker24"]
[Result "1-0"]
[WhiteElo "2389"]
[BlackElo "1379"]
[TimeControl "300"]
[EndTime "11:23:28 PDT"]
[Termination "LL220284LL won by resignation"]

1. c4 Nf6 2. g3 g6 3. Bg2 Bg7 4. Nc3 O-O 5. Nf3 c6 6. O-O d5 7. cxd5 cxd5 8. e3 Bg4 9. h3 Bxf3 10. Qxf3 e6 11. b3 Nc6 12. Bb2 Rc8 13. Rac1 Nb4 14.
Qe2 Nc6 15. Ba3 Re8 16. Na4 b6 17. Bb2 e5 18. Qb5 Qd6 19. Rc2 Nb4 20. Rxc8 Rxc8 21.
Ba3 a5 22. Bxb4 axb4 23. Qxb6 Qxb6 24. Nxb6 Rd8 25. Rc1 h5 26. Rc5 d4 27. Rxe5 dxe3 28. dxe3 Nd7 29. Rd5 1-0

[Event "Live Chess"]
[Site "Chess.com"]
[Date "2023.05.20"]
[Round "-"]
[White "tpm07"]
[Black "Leonid_Starozhilov"]
[Result "0-1"]
[WhiteElo "1961"]
[BlackElo "2653"]
[TimeControl "300"]
[EndTime "11:23:40 PDT"]
[Termination "Leonid_Starozhilov won by resignation"]

1. d4 Nf6 2. c4 g6 3. Nc3 Bg7 4. e4 O-O 5. Be2 d6 6. Nf3 Bg4 7. h3 Bxf3 8. Bxf3 Nc6 9. Be3 e5 10. d5 Nd4 11. Nb5 Nxf3+ 12. Qxf3 a6 13. Nc3 Nh5 14.
O-O Qe8 15. Qe2 f5 16. exf5 gxf5 17. f4 Ng3 0-1

[Event "Live Chess"]
[Site "Chess.com"]
[Date "2023.05.20"]
[Round "-"]
[White "smoggyrabbit"]
[Black "Mikhail_Golubev"]
[Result "0-1"]
[WhiteElo "1621"]
[BlackElo "2529"]
[TimeControl "300"]
[EndTime "11:23:42 PDT"]
[Termination "Mikhail_Golubev won on time"]

1. d4 Nf6 2. Nf3 d6 3. e3 Bg4 4. Nbd2 e6 5. h3 Bh5 6. g4 Bg6 7. Bg2 Ne4 8. c4 Nd7 9. Qb3 c5 10. Qxb7 Rb8 11. Qxa7 Be7 12. Qa4 h5 13. dxc5 Nxc5 14.
Qa3 Nd3+ 15. Ke2 d5 16. Qa4 hxg4 17. hxg4 Rxh1 18. Bxh1 Rb4 19. Qd1 dxc4 20. Nd4 N7e5 21. Nc6 Nxc6 22. Bxc6+ Kf8 23. Qh1 Bh4 24. Qh2 Nxc1+ 25.
Rxc1 Rxb2 26. Rd1 c3 0-1

[Event "Live Chess"]
[Site "Chess.com"]
[Date "2023.05.20"]
[Round "-"]
[White "apl_trainer"]
[Black "alanmike75"]
[Result "1-0"]
[WhiteElo "1622"]
[BlackElo "1509"]
[TimeControl "300"]
[EndTime "11:23:53 PDT"]
[Termination "apl_trainer won on time"]

1. d4 d5 2. c4 c6 3. Nf3 Nf6 4. Nc3 e6 5. Bg5 Be7 6. e3 Nbd7 7. cxd5 Nxd5 8. Bxe7 Qxe7 9. e4 Nxc3 10. bxc3 c5 11. Bd3 O-O 12. O-O b6 13. Qe2 Bb7 14. e5 Rfd8 15. h4 Nf8 16. Rad1 Bxf3 17. Qxf3 Rac8 18.
h5 Qg5 19. Ba6 Rb8 20. dxc5 bxc5 21. Qe2 Qf4 22. g3 Qa4 23. Rd6 Rxd6 24. exd6 Qc6 25. Rd1 Rd8 26. Bb5 Qb6 27. d7 a6 28. Ba4 Qa5 29.
Qc4 Qb6 30. Qh4 Qc7 31. h6 Ng6 32. Qg5 gxh6 33. Qxh6 Qe5 34. Qe3 Qxe3 35. fxe3 Kf8 36. Rd6 Ke7 37. Rxa6 Nf8 38. Rc6 Nxd7 39. Rc7 Kd6 40.
Rxd7+ Rxd7 41. Bxd7 Kxd7 42. Kf2 Kc6 43. Kf3 Kb5 44.
Ke4 f6 45. Kd3 c4+ 46. Kd4 h5 47. e4 1-0

[Event "Live Chess"]
[Site "Chess.com"]
[Date "2023.05.20"]
[Round "-"]
[White "manthanit"]
[Black "mattihelenius2"]
[Result "1-0"]
[WhiteElo "952"]
[BlackElo "478"]
[TimeControl "300"]
[EndTime "11:23:54 PDT"]
[Termination "manthanit won by resignation"]

1. e4 e5 2. Nf3 d5 3. Nxe5 dxe4 4. Qe2 Nf6 5. Nc3 Bg4 6. f3 Bd6 7. Nxg4 Nxg4 8. fxg4 Nc6 9. g3 Nd4 10. Qxe4+ Qe7 11.
Bd3 Qxe4+ 12. Bxe4 Nf3+ 13. Bxf3 O-O-O 14. O-O Rhe8 15. d3 Bc5+ 16. Kg2 g6 17. Bf4 h6 18. Rae1 g5 19. Rxe8 Rxe8 20. Bd2 f6 21. a3 Bd6 22. Ne4 Be5 23. Re1 c6 24. Nxf6 Bxf6 25. Rxe8+ Kd7 26.
Re1 Kd6 27. Bc3 b5 28. Bxf6 Kc5 29. Re6 1-0

[Event "Live Chess"]
[Site "Chess.com"]
[Date "2023.05.20"]
[Round "-"]
[White "VovaOvchar1990"]
[Black "Pablo_dmp"]
[Result "1/2-1/2"]
[WhiteElo "1202"]
[BlackElo "1856"]
[TimeControl "300"]
[EndTime "11:24:01 PDT"]
[Termination "Game drawn - insufficient material"]

1. e4 c6 2. Bc4 d5 3. exd5 cxd5 4. Bb5+ Bd7 5. Bxd7+ Qxd7 6. Nf3 Nf6 7. O-O Nc6 8. h3 e5 9. d3 Bd6 10. Re1 O-O 11.
Bg5 Ne8 12. Nc3 Qe6 13. Bh4 f5 14. Ng5 Qh6 15. Nf3 e4 16. dxe4 dxe4 17. Nxe4 fxe4 18. Rxe4 Nf6 19. Qxd6 Nxe4 20. Qd5+ Kh8 21. Qxe4 Rxf3 22. gxf3 g5 23. Bg3 Qxh3 24. Be5+ Nxe5 25. Qxe5+ Kg8 26. Qxg5+ Kf7 27. Re1 Rg8 28. Re7+ Kf8 29. Re8+ Kxe8 30. Qxg8+ Kd7 31. Qg4+ Qxg4+ 32. fxg4 Ke6 33. Kg2 Ke5 34.
Kf3 h6 35. Ke3 b5 36. f4+ Kd5 37. g5 h5 38. g6 Ke6 39. g7 Kf7 40. Kf3 Kxg7 41.
Kg3 Kg6 42. Kh4 Kf5 43. Kxh5 Kxf4 44. Kg6 Ke3 45. Kf5 Kd2 46. Ke4 Kxc2 47. Kd4 Kxb2 48. Kc5 Kxa2 49. Kxb5 Kb3 50. Ka6 Kb4 51. Kxa7 1/2-1/2

[Event "Live Chess"]
[Site "Chess.com"]
[Date "2023.05.20"]
[Round "-"]
[White "risinghelios"]
[Black "onemoretime1975"]
[Result "0-1"]
[WhiteElo "1938"]
[BlackElo "1924"]
[TimeControl "300"]
[EndTime "11:24:03 PDT"]
[Termination "onemoretime1975 won by resignation"]

1. e4 e6 2. d4 d5 3. e5 c5 4. c3 Nc6 5. Nf3 Bd7 6. Be2 Qb6 7.
O-O a6 8. a3 Nge7 9. b4 cxd4 10.
cxd4 Nf5 11. Bb2 Nce7 12. Nbd2 Bb5 13. Nb3 Bxe2 14. Qxe2 Nc6 15. Nc5 Bxc5 16. dxc5 Qb5 17. Qxb5 axb5 18. g4 Nfe7 19. h3 h5 20. Kg2 hxg4 21.
hxg4 Ng6 22. Kg3 Ke7 23. Rh1 Rxh1 24. Rxh1 Rh8 25. Rxh8 Nxh8 26. Nd4 Nxd4 27. Bxd4 Ng6 28. f4 Nf8 29. f5 g6 30. f6+ Kd7 31. Kf4 Nh7 32.
g5 Kc6 33. Bb2 Nf8 34. Ke3 Nd7 35. Kd4 b6 36. Bc1 bxc5+ 37. bxc5 Nxc5 38. Bd2 Nb3+ 39. Kc3 Nxd2 40. Kxd2 Kc5 41. Kc3 d4+ 42. Kd3 Kd5 43.
a4 bxa4 0-1

[Event "Live Chess"]
[Site "Chess.com"]
[Date "2023.05.20"]
[Round "-"]
[White "Ferrarifan27"]
[Black "OceanFloater"]
[Result "1-0"]
[WhiteElo "2103"]
[BlackElo "960"]
[TimeControl "300"]
[EndTime "11:24:05 PDT"]
[Termination "Ferrarifan27 won by checkmate"]

1. e4 c6 2. d4 d5 3. e5 e6 4.
Nf3 f6 5. exf6 Qxf6 6. Bg5 Qg6 7. Bd3 Qf7 8. Ne5 Qxf2+ 9. Kxf2 h6 10. Qh5+ g6 11.
Bxg6# 1-0

[Event "Live Chess"]
[Site "Chess.com"]
[Date "2023.05.20"]
[Round "-"]
[White "ameetghasi100"]
[Black "KeithArkell"]
[Result "0-1"]
[WhiteElo "2722"]
[BlackElo "2615"]
[TimeControl "300"]
[EndTime "11:24:06 PDT"]
[Termination "KeithArkell won by checkmate"]

1. e4 c6 2. Nc3 d5 3. Nf3 Bg4 4. h3 Bxf3 5. Qxf3 dxe4 6. Nxe4 Nd7 7. Bc4 Ne5 8. Qe2 Nxc4 9. Qxc4 e6 10. Qe2 Be7 11. O-O Nf6 12. d3 O-O 13. Bd2 a5 14. Rad1 a4 15. Bc3 Nd5 16. Be5 Re8 17. c4 Nf6 18.
Nc3 Bd6 19. d4 Qe7 20. Qc2 a3 21. b3 Nd7 22. Bxd6 Qxd6 23. Ne4 Qe7 24. Rfe1 Nf6 25. Nc5 b6 26. Nd3 Red8 27. Ne5 Qc7 28. c5 bxc5 29. Qxc5 Ra6 30. Qc4 Qb7 31. Rc1 Rd6 32. Rc3 h6 33. Rec1 Rd5 34. Nxc6 Rb6 35. Ne5 Rd8 36. Nf3 Nd5 37.
R3c2 Nb4 38. Rd2 Rc6 39. Qf1 Rdc8 40. Rc4 Qb5 41. Ne5 R6c7 42. Rxc7 Qxf1+ 43. Kxf1 Rxc7 44. Nc4 g5 45. Ke2 Kg7 46. g3 h5 47. Kf3 f5 48.
Nxa3 Ra7 49. Nb5 Ra5 50. a4 Kf6 51. Nd6 Ra6 52. Nc4 Ra8 53. a5 Rb8 54. Ke2 Rh8 55. Rd1 h4 56. g4 fxg4 57. hxg4 Ra8 58.
Kf3 Nd5 59. Ra1 Nb4 60. Nb6 Ra7 61. Ke4 h3 62. Nc4 Nc6 63. Rh1 Nxa5 64. Rxh3 Nc6 65. Rf3+ Ke7 66. Rc3 Nb4 67. Ne5 Kf6 68. Rf3+ Kg7 69.
Rh3 Nd5 70. Rh1 Rb7 71. Rh3 Rb8 72. Rd3 Rf8 73. Rf3 Rb8 74. Rf7+ Kg8 75. Ra7 Rxb3 76. Ng6 Rb2 77. Ke5 Re2+ 78. Kd6 Re4 79. Ne5 Rxd4 80. Kxe6 Nf4+ 81. Kf6 Nd3 82. Kxg5 Nxe5 83. f4 Nf7+ 84. Kg6 Rd6+ 85. Kh5 Rh6# 0-1

[Event "Live Chess"]
[Site "Chess.com"]
[Date "2023.05.20"]
[Round "-"]
[White "CeladonFish"]
[Black "wot-not"]
[Result "0-1"]
[WhiteElo "1030"]
[BlackElo "1461"]
[TimeControl "300"]
[EndTime "11:24:13 PDT"]
[Termination "wot-not won by checkmate"]

1. d4 Nf6 2. c4 c5 3. d5 d6 4. Nc3 e5 5. dxe6 Bxe6 6. e3 d5 7.
Qa4+ Nc6 8. cxd5 Nxd5 9. Bc4 Nxc3 10. bxc3 Bxc4 11. Qxc4 Be7 12. Nf3 O-O 13. Bb2 b6 14.
Qg4 Bf6 15. e4 Ne5 16. Nxe5 Bxe5 17. f4 Bf6 18. e5 Bh4+ 19. g3 Be7 20. c4 Qd3 21. e6 Qe3+ 22. Kf1 f6 23. Re1 Qd3+ 24. Qe2 Qxe2+ 25. Rxe2 Rad8 26. Kf2 Rd6 27. Bc3 Rfd8 28. Rhe1 Rd3 29. Bb2 Kf8 30. Re3 Rd2+ 31. R1e2 Rxe2+ 32. Kxe2 Rd6 33. f5 Ke8 34. Re4 Kd8 35. Rh4 h6 36. h3 a6 37. g4 b5 38. cxb5 axb5 39.
Rh5 c4 40. h4 Ra6 41. Kf3 Rxa2 42. Bd4 Ra3+ 43. Ke4 c3 44. g5 fxg5 45. hxg5 Bxg5 46. Bxg7 c2 47. Bb2 c1=Q 48. Bxc1 Bxc1 49. f6 Bg5 50. Kf5 Rf3+ 51. Kg6 Rxf6+ 52. Kg7 Rxe6 53. Rh1 b4 54. Rb1 Rb6 55. Ra1 Kd7 56. Ra7+ Kc6 57. Kg6 b3 58. Ra8 b2 59. Rc8+ Kb5+ 60. Kh5 b1=Q 61. Rd8 Qh1+ 62. Kg4 Qg2+ 63. Kh5 Qh3# 0-1

[Event "Live Chess"]
[Site "Chess.com"]
[Date "2023.05.20"]
[Round "-"]
[White "Hacker_2009"]
[Black "lucaskk818"]
[Result "0-1"]
[WhiteElo "1927"]
[BlackElo "1895"]
[TimeControl "300"]
[EndTime "11:24:16 PDT"]
[Termination "lucaskk818 won by resignation"]

1. d4 e6 2. Nf3 d5 3. e3 Nf6 4. c4 c5 5. Nc3 Be7 6. cxd5 Nxd5 7. Be2 O-O 8. O-O b6 9. Nxd5 Qxd5 10. b3 Ba6 11. Bxa6 Nxa6 12. Bb2 Bf6 13. Qe2 Nb4 14. a3 Nc6 15. Rfd1 cxd4 16. Nxd4 Nxd4 17. Bxd4 Bxd4 18. Rxd4 Qxb3 19. Qd3 Qxd3 20. Rxd3 Rfd8 21. Rad1 Rxd3 22.
Rxd3 Rc8 23. g3 h6 24. Rd7 a5 25. Rb7 Rc3 26. Rxb6 Rxa3 27. Ra6 Ra1+ 28. Kg2 a4 29. h4 Kf8 30. Ra7 g5 31. hxg5 hxg5 32. Kf3 Kg7 33.
Kg4 Kg6 34. f4 f5+ 35. Kf3 g4+ 36. Kf2 Ra2+ 37. Ke1 a3 38. Ra6 Kf6 39. Kf1 Ra1+ 40. Ke2 a2 41. Kf2 Rh1 0-1

[Event "Live Chess"]
[Site "Chess.com"]
[Date "2023.05.20"]
[Round "-"]
[White "TDCMF"]
[Black "boilerboy1"]
[Result "0-1"]
[WhiteElo "362"]
[BlackElo "1081"]
[TimeControl "300"]
[EndTime "11:24:17 PDT"]
[Termination "boilerboy1 won by checkmate"]

1. e4 e5 2. Nf3 d6 3. Nc3 c6 4. d4 exd4 5. Qxd4 Nf6 6. Bf4 Be7 7. Bc4 O-O 8. O-O-O Bg4 9. Rhe1 Bxf3 10. gxf3 Nh5 11. Bxd6 Bxd6 12. e5 Be7 13. Qg4 Bg5+ 14. Kb1 Qe7 15.
Qxh5 g6 16. Qh3 h6 17. Qg3 Nd7 18. Rd4 h5 19. Red1 Nc5 20. Na4 b5 21. Nxc5 bxc4 22.
Rd7 Qxc5 23. Qxg5 Qxf2 24. Qe7 Qxf3 25. Rd8 Raxd8 26. Rxd8 Qh1+ 27. Rd1 Qxd1# 0-1

[Event "Live Chess"]
[Site "Chess.com"]
[Date "2023.05.20"]
[Round "-"]
[White "siddu198"]
[Black "Conradical12"]
[Result "1-0"]
[WhiteElo "1629"]
[BlackElo "1537"]
[TimeControl "300"]
[EndTime "11:24:21 PDT"]
[Termination "siddu198 won by resignation"]

1. e4 e5 2. c3 Nc6 3. d4 exd4 4. cxd4 d5 5. e5 f6 6. Nf3 Bb4+ 7. Nc3 Nge7 8. Bb5 O-O 9. O-O fxe5 10. Nxe5 Nxe5 11. dxe5 d4 12. Ne4 Qd5 13. Nf6+ gxf6 14. a4 a6 15. exf6 Ng6 16. Bd3 Nf4 17. Bxf4 Bd7 18. b3 Rf7 19. Bc4 Qe4 20. Bxf7+ Kxf7 21.
Qh5+ Ke6 22. Bg5 Bc6 23. Qh3+ Kf7 24. f3 Qe2 25. Qh5+ Ke6 26. Qh4 Rg8 27. Rfe1 Bxe1 28. Rxe1 Qxe1+ 29. Qxe1+ Kd5 30. Qe4+ Kc5 31. Qe7+ 1-0

[Event "Live Chess"]
[Site "Chess.com"]
[Date "2023.05.20"]
[Round "-"]
[White "Chris_pea"]
[Black "JoeyCage"]
[Result "0-1"]
[WhiteElo "610"]
[BlackElo "2319"]
[TimeControl "300"]
[EndTime "11:24:22 PDT"]
[Termination "JoeyCage won on time"]

1. e4 c5 2. Nf3 Nc6 3. c3 Nf6 4.
d4 cxd4 5. Bd3 dxc3 6. Nxc3 d6 7.
O-O a6 8. Nd5 e6 9. Nxf6+ Qxf6 10. Bg5 Qg6 11. Bh4 Be7 12. Bg3 e5 13. h3 O-O 14.
Qe2 Kh8 15. Rac1 f5 16. Rfe1 f4 17. Bh2 Bxh3 18. g3 Bg4 19. Qf1 Bxf3 20. Be2 fxg3 21.
Bxg3 Nd4 22. Bxf3 Nxf3+ 23. Kg2 Nxe1+ 24. Rxe1 Bh4 25. Qh1 Bxg3 26. fxg3 Qf6 27. Rf1 Qxf1+ 28. Qxf1 Rxf1 29. Kxf1 Rc8 30. Kg2 Rc2+ 31. Kh3 Rxb2 32.
Kh4 Rxa2 33. g4 Rf2 34. Kh5 a5 35. g5 Rf4 0-1

[Event "Live Chess"]
[Site "Chess.com"]
[Date "2023.05.20"]
[Round "-"]
[White "AttackingSnowLeopard"]
[Black "Driftboard"]
[Result "1-0"]
[WhiteElo "2049"]
[BlackElo "691"]
[TimeControl "300"]
[EndTime "11:24:25 PDT"]
[Termination "AttackingSnowLeopard won by checkmate"]

1. Nf3 d5 2. d4 Nc6 3. Bf4 Nf6 4. e3 Bf5 5. c3 e6 6. Nbd2 Bd6 7. Be2 Bxf4 8. exf4 O-O 9. O-O h6 10. g3 Re8 11. Ne5 Nxe5 12. fxe5 Ne4 13. Nb3 f6 14. f3 Ng5 15. h4 Nf7 16. f4 fxe5 17. fxe5 Bh3 18.
Rf2 Bf5 19. Bg4 Bxg4 20. Qxg4 c6 21. Nc5 Qc7 22. Nxe6 Rxe6 23. Qxe6 Rf8 24. Raf1 b6 25. a4 a6 26. b4 b5 27. axb5 axb5 28. Kh2 g5 29.
Qg6+ Kh8 30. Rxf7 Rxf7 31. Rxf7 Qxf7 32. Qxf7 gxh4 33. e6 hxg3+ 34. Kg1 h5 35. e7 h4 36.
e8=Q# 1-0

[Event "Live Chess"]
[Site "Chess.com"]
[Date "2023.05.20"]
[Round "-"]
[White "xx_blindpuffin_xx"]
[Black "alexlines8"]
[Result "1-0"]
[WhiteElo "2193"]
[BlackElo "1257"]
[TimeControl "300"]
[EndTime "11:24:29 PDT"]
[Termination "xx_blindpuffin_xx won by checkmate"]

1. d4 Nf6 2. Bf4 d5 3. e3 c5 4.
c3 cxd4 5. exd4 Nc6 6. Nf3 Bg4 7. Be2 e6 8. O-O Bxf3 9. Bxf3 Bd6 10. Bxd6 Qxd6 11.
Nd2 O-O 12. Re1 Rfe8 13. Qb3 b6 14. g3 Rab8 15. Rad1 a5 16. Be2 e5 17. dxe5 Nxe5 18. Nf3 Nxf3+ 19. Bxf3 Rxe1+ 20. Rxe1 g6 21. Rd1 Rd8 22.
Rd4 Qc5 23. Kg2 Kg7 24. Qd1 Rd6 25. c4 Rd8 26. cxd5 Qb5 27. b3 Rd6 28. Qd2 Ne8 29. Qf4 Qd7 30. h4 Qf5 31. Qd2 Nf6 32. g4 Qd7 33. g5 Ne8 34. Bg4 Qc7 35. Rc4 Qd8 36. Rc8 Qe7 37. Qd4+ Kg8 38. Bf3 Qd7 39. Rc1 Nc7 40. Qe5 Nxd5 41. Rd1 Qe6 42. Rxd5 Rxd5 43.
Qxd5 Qxd5 44. Bxd5 Kf8 45. a4 Ke7 46. Bc4 Kd6 47.
Bb5 Kc5 48. Kf3 Kb4 49. Bc4 Kc5 50. Bxf7 Kb4 51. Bg8 Kc3 52. Ke3 Kc2 53. Kd4 Kb2 54. Kc4 Kc2 55. Bxh7 Kd2 56. Bxg6 Ke2 57. h5 Kxf2 58.
h6 Kg2 59. h7 Kf3 60. h8=Q b5+ 61. axb5 Kf4 62. Qf6+ Kg4 63. Bc2 Kg3 64. g6 a4 65. g7 axb3 66. g8=Q+ Kh2 67. Qfh8# 1-0

[Event "Live Chess"]
[Site "Chess.com"]
[Date "2023.05.20"]
[Round "-"]
[White "Tilbs_12"]
[Black "MrDodgy"]
[Result "0-1"]
[WhiteElo "1576"]
[BlackElo "2316"]
[TimeControl "300"]
[EndTime "11:24:39 PDT"]
[Termination "MrDodgy won by resignation"]

1. e4 c5 2. c3 Nf6 3. e5 Nd5 4. d4 cxd4 5. cxd4 Nc6 6. Nc3 e6 7. Nxd5 exd5 8. Nf3 d6 9. a3 dxe5 10. dxe5 Bc5 11. Bd3 Bg4 12. Bf4 O-O 13. O-O Re8 14. Re1 Qb6 15. Be3 Nxe5 16. Bxc5 Qxc5 17. Rxe5 Rxe5 18.
Qd2 Bxf3 19. gxf3 Rae8 20. Kg2 Qe7 21. f4 Rh5 22. Bb5 Rd8 23. Bd3 Qh4 24. Rh1 Qh3+ 25. Kg1 Rh4 26. Qe3 Rg4+ 0-1

[Event "Live Chess"]
[Site "Chess.com"]
[Date "2023.05.20"]
[Round "-"]
[White "dudeasy"]
[Black "Tushinskiy"]
[Result "0-1"]
[WhiteElo "1159"]
[BlackElo "2116"]
[TimeControl "300"]
[EndTime "11:24:40 PDT"]
[Termination "Tushinskiy won by resignation"]

1. Nf3 d5 2. g3 c6 3. Bg2 Nf6 4. O-O Bg4 5. d3 Nbd7 6. Nbd2 e5 7. b3 Qc7 8. Bb2 Be7 9. c4 d4 10. Rc1 O-O 11. e3 dxe3 12. fxe3 Rad8 13. Qc2 Bh5 14.
d4 Bg6 15. Qd1 exd4 16. exd4 a5 17. Kh1 Rfe8 18. d5 cxd5 19. cxd5 Qb8 20. Nh4 Ne5 21.
Nc4 Nxc4 22. bxc4 Qa7 23. Qb3 a4 24. Qc3 a3 25. Ba1 Qc5 26. Nf5 Bxf5 27. Rxf5 b5 28.
cxb5 Qxb5 29. Rcf1 Rd6 30. Qd2 Red8 31. Be5 Rxd5 32.
Qf4 Nh5 33. Rxh5 f6 34. Bxd5+ Qxd5+ 35. Qf3 fxe5 36. Qxd5+ Rxd5 37. Rf2 g6 38. Rh4 Bxh4 39. gxh4 Rd1+ 40. Kg2 Rb1 41. Re2 Rb2 42. Rxb2 axb2 0-1

[Event "Live Chess"]
[Site "Chess.com"]
[Date "2023.05.20"]
[Round "-"]
[White "aliciabutteriss"]
[Black "18Ziyad"]
[Result "1-0"]
[WhiteElo "574"]
[BlackElo "902"]
[TimeControl "300"]
[EndTime "11:25:01 PDT"]
[Termination "aliciabutteriss won by checkmate"]

1. e4 c5 2. Nf3 Nc6 3. Nc3 g6 4.
d3 Bg7 5. Be3 d6 6. d4 cxd4 7.
Nxd4 Qb6 8. Nxc6 Qxc6 9. Bb5 Qxb5 10. Nxb5 Kd7 11. O-O e6 12. Qd4 Bxd4 13. Bxd4 e5 14. Be3 Ne7 15. Rad1 a6 16. Rxd6+ Ke8 17. Nc7+ Kf8 18.
Nxa8 Be6 19. Rd8+ Kg7 20. Bh6+ Kxh6 21. Rxh8 f5 22. Re8 Bxa2 23. Rxe7 Bc4 24. Rd1 fxe4 25. Nb6 Be2 26. Rd4 Bb5 27. Rxe4 Bc6 28. R4xe5 Bb5 29. h4 Bc6 30. g4 g5 31. R5e6# 1-0